Map: Overgrowth LE (Void)

Players

Elazer

  • Race: Zerg Zerg
  • Spawn Location: 7:00

ShoWTimE - Winner!

  • Race: Protoss Protoss
  • Spawn Location: 1:00

Event: WESG 2016 Finals

VOD

Have the link to the VOD?

Description

Time

  • Played on: Jan. 13, 2017, 9:59 p.m.
  • Length: 7:12

All games in this series

Show
View Real Time Build Order
Export as new Build Order

Elazer Zerg 

Build Orders: Hatch First 

Get SALT Encoding   

  12  0:00  Drone  
  13  0:12  Overlord  
  13  0:16  Drone  
  14  0:30  Drone x2  
  16  0:48  Hatchery  
  16  0:49  Drone  
  16  0:53  Drone  
  17  1:03  Extractor  
  16  1:08  Spawning Pool  
  15  1:11  Drone  
  15  1:14  Drone  
  15  1:18  Drone  
  18  1:27  Drone  
  19  1:41  Drone  
  20  1:48  Hatchery  
  19  1:55  Queen  
  19  1:59  Zergling x2  
  22  2:02  Drone  
  23  2:08  Metabolic Boost  
  23  2:12  Drone  
  23  2:15  Drone  
  25  2:18  Drone  
  26  2:23  Overlord  
  26  2:27  Drone  
  27  2:37  Zergling x2  
  28  2:42  Drone  
  28  2:43  Drone  
  30  2:47  Pneumatized Carapace  
  30  2:48  Queen  
  30  2:50  Drone  
  33  2:55  Drone x2  
  35  3:05  Drone x4  
  38  3:11  Overlord  
  38  3:12  Drone  
  39  3:16  Drone  
  39  3:17  Drone  
  41  3:20  Drone  
  42  3:30  Drone  
  42  3:31  Drone x2  
  42  3:33  Queen  
  47  3:38  Drone  
  47  3:39  Drone  
  49  3:45  Evolution Chamber, Queen, Baneling Nest  
  49  3:51  Overlord  
  49  3:56  Zergling x2  
  50  4:03  Overlord  
  50  4:09  Zergling x16  
  58  4:13  Zerg Melee Weapons Level 1, Overlord  
  58  4:21  Zergling x8  
  58  4:23  Queen  
  64  4:24  Overlord  
  64  4:29  Baneling x3  
  64  4:35  Drone x6  
  64  4:38  Drone  
  71  4:40  Drone  
  71  4:42  Drone  
  71  4:43  Drone x2  
  74  4:52  Drone x3  
  76  4:57  Drone x3  
  75  5:01  Drone x3  
  78  5:08  Lair  
  78  5:11  Extractor  
  78  5:12  Drone x3, Roach Warren, Extractor  
  78  5:23  Overlord  
  78  5:24  Extractor  
  77  5:29  Hatchery, Overlord  
  76  5:38  Overlord  
  76  5:40  Overlord  
  76  5:42  Hatchery  
  75  5:45  Overlord  
  75  5:46  Drone x2  
  75  5:47  Drone x3  
  80  5:50  Extractor, Drone x3  
  80  5:53  Overlord  
  80  5:57  Roach x3  
  88  6:02  Roach x5  
  97  6:07  Roach x3  
  101  6:13  Overlord  
  101  6:14  Roach x2  
  101  6:15  Baneling  
  101  6:16  Baneling x3  
  103  6:20  Overlord  
  103  6:22  Baneling x2  
  103  6:23  Baneling x2, Zergling x2  
  103  6:24  Zergling x2  
  103  6:25  Zergling x6  
  106  6:29  Zergling x2  
  106  6:30  Zergling x4  
  108  6:35  Zergling x4  
  103  6:44  Ravager x2, Roach  
  103  6:45  Roach x2  
  100  6:49  Zergling x10  
  100  6:50  Baneling x2  
  100  6:51  Baneling  
Show
View Real Time Build Order
Export as new Build Order

ShoWTimE Protoss - Winner!

Build Orders: 1 Gate Expand 

Get SALT Encoding   

  12  0:00  Probe (Chrono Boost)  
  13  0:11  Probe (Chrono Boost)  
  14  0:17  Pylon  
  14  0:22  Probe (Chrono Boost)  
  15  0:35  Probe (Chrono Boost), Gateway  
  16  0:41  Assimilator  
  16  0:46  Probe (Chrono Boost)  
  17  0:56  Probe (Chrono Boost)  
  18  1:07  Probe (Chrono Boost)  
  19  1:16  Nexus  
  19  1:19  Probe (Chrono Boost)  
  20  1:29  Cybernetics Core  
  20  1:33  Probe (Chrono Boost)  
  20  1:37  Assimilator  
  21  1:43  Probe (Chrono Boost)  
  22  1:48  Pylon  
  23  1:54  Probe (Chrono Boost)  
  23  1:57  Warp Gate  
  23  2:03  Adept  
  23  2:08  Probe (Chrono Boost)  
  26  2:14  Twilight Council  
  26  2:20  Probe (Chrono Boost)  
  27  2:28  Probe (Chrono Boost), Adept  
  28  2:32  Probe (Chrono Boost)  
  31  2:38  Resonating Glaives  
  31  2:39  Probe (Chrono Boost)  
  33  2:44  Probe (Chrono Boost)  
  33  2:51  Probe (Chrono Boost)  
  34  2:56  Probe (Chrono Boost), Adept  
  37  3:09  Gateway  
  37  3:10  Probe x2 (Chrono Boost), Gateway  
  39  3:23  Probe (Chrono Boost)  
  39  3:24  Robotics Facility  
  39  3:26  Probe (Chrono Boost), Adept  
  41  3:32  Pylon  
  44  3:35  Probe (Chrono Boost)  
  44  3:40  Mothership Core (Chrono Boost)  
  46  3:43  Pylon  
  46  3:50  Assimilator  
  46  3:51  Probe (Chrono Boost)  
  47  3:58  Probe (Chrono Boost)  
  49  4:04  Probe (Chrono Boost), Adept x3  
  49  4:07  Warp Prism  
  49  4:09  Pylon  
  56  4:10  Probe (Chrono Boost)  
  56  4:16  Probe (Chrono Boost)  
  59  4:22  Probe (Chrono Boost)  
  60  4:28  Probe (Chrono Boost)  
  61  4:33  Nexus  
  61  4:44  Pylon  
  57  4:55  Sentry x3  
  57  4:58  Gateway  
  57  4:59  Gateway  
  57  5:02  Gateway  
  57  5:07  Immortal, Gateway  
  57  5:08  Gateway  
  61  5:22  Sentry x3  
  61  5:26  Pylon  
  67  5:32  Probe x2 (Chrono Boost)  
  67  5:34  Pylon  
  69  5:43  Observer  
  69  5:49  Adept x3  
  76  6:03  Adept  
  78  6:05  Adept x3  
  78  6:06  Adept  
  85  6:14  Pylon  
  84  6:24  Adept x4  
  92  6:26  Adept x3  
  92  6:27  Adept  
  98  6:47  Adept x4  
  98  6:48  Adept  
  98  6:49  Adept x3  
  98  6:53  Pylon  
  98  6:54  Pylon  
  92  7:11  Adept x6  
  92  7:12  Adept  
Tags
 
Add a new tag
Caveats
  • Supply blocks, unpowered buildings, or Contaminate may cause inaccurate times.
  • Supply counts are checked every 10 seconds.